 Dungeon Crawl Stone Soup version 0.27.1 (webtiles) character file.

Game seed: 16670458680723245520

79 Atelerd the Digger (level 4, -3/27 HPs)
             Began as an Octopode Earth Elementalist on Sept 4, 2021.
             Frozen to death by an endoplasm (4 damage)
             ... on level 3 of the Dungeon.
             The game lasted 00:01:40 (1918 turns).

Atelerd the Digger (Octopode Earth Elementalist)    Turns: 1918, Time: 00:01:41

Health: -3/27      AC:  1    Str:  7    XL:     4   Next: 38%
Magic:  0/7        EV: 13    Int: 18    God:
Gold:   69         SH:  0    Dex: 12    Spells: 6/7 levels left

rFire    . . .     SeeInvis .   k - +0 dagger
rCold    . . .     Faith    .   (no shield)
rNeg     . . .     Spirit   .   (helmet restricted)
rPois    .         Reflect  .   (no amulet)
rElec    .         Harm     .   (no ring)
rCorr    .         Rampage  .   (no ring)
Will     .....     Clarity  +   (no ring)
Stlth    +++.......             (no ring)
HPRegen  0.09/turn              (no ring)
MPRegen  0.10/turn              (no ring)
                                (no ring)
                                (no ring)

@: no status effects
A: almost no armour, amphibious, 8 rings, camouflage 1, gelatinous body 1,
(nimble swimmer 1), tentacles, clarity, MP-powered wands
a: no special abilities


You were on level 3 of the Dungeon.
You visited 1 branch of the dungeon, and saw 3 of its levels.

You collected 69 gold pieces.

Inventory:

Hand Weapons
 k - a +0 dagger (weapon)
Missiles
 b - 58 stones
Armour
 i - a +2 buckler
Scrolls
 a - a scroll of brand weapon {unknown}
 c - 2 scrolls of teleportation {unknown}
 d - a scroll of noise {unknown}
 e - a scroll of enchant armour {unknown}
 g - a scroll of enchant weapon {unknown}


   Skills:
 - Level 2.0 Dodging
 + Level 3.6 Stealth
 + Level 2.4 Spellcasting
 * Level 2.4 Transmutations
 * Level 3.7 Earth Magic


You had 6 spell levels left.
You knew the following spells:

 Your Spells              Type           Power      Damage    Failure   Level
a - Sandblast             Erth           30%        2d9       3%          1

Your spell library contained the following spells:

 Spells                   Type           Power      Damage    Failure   Level
 Passwall                 Tmut/Erth      10%        N/A       8%          2
 Stone Arrow              Conj/Erth      18%        3d8       24%         3
 Petrify                  Tmut/Erth      13%        N/A       43%         4
 Swiftness                Air            2%         N/A       45%         3
 Invisibility             Hex            1%         N/A       100%        6


Dungeon Overview and Level Annotations

Branches:
Dungeon (3/15)

Altars:

Annotations:
D:2 Sigmund


Innate Abilities, Weirdness & Mutations

You cannot wear most types of armour.
You are amphibious.
You can wear up to eight rings at the same time.
Your skin changes colour to match your surroundings (Stealth+).
Your rubbery body absorbs attacks. (AC +1, EV +1)
((You are camouflaged near water. (Stealth+)))
You have tentacles for arms and can constrict up to eight enemies at once.
You possess an exceptional clarity of mind.
You expend magic power (3 MP) to strengthen your wands.


Message History

The orc is severely wounded.
You constrict the orc, but do no damage.
The orc hits you with a +0 dagger.
* * * LOW HITPOINT WARNING * * *
It was a potion of mutation.
You feel extremely strange.
You feel your magical essence link to the dungeon's wands.
Your thoughts seem clearer.
You constrict the orc, but do no damage.
The orc hits you with a +0 dagger.
* * * LOW HITPOINT WARNING * * *
It was a potion of cancellation.
You feel magically purged.
You constrict the orc, but do no damage.
The orc hits you with a +0 dagger.
* * * LOW HITPOINT WARNING * * *
You hit the orc but do no damage.
The orc is severely wounded.
You constrict the orc, but do no damage.
The orc hits you with a +0 dagger.
* * * LOW HITPOINT WARNING * * *
Unknown command.
You hit the orc but do no damage.
The orc is severely wounded.
You constrict the orc, but do no damage.
The orc misses you.
Unknown command.
Casting: Sandblast (safe; 3% risk of failure)
Confirm with . or Enter, or press ? or * to list all spells.
Aiming: Sandblast (safe; 3% risk of failure)
Press: ? - help, Shift-Dir - straight line, f - orc
Aim: an orc, wielding a +0 dagger and wearing a +0 chain mail (severely wounded, constricted by you, 100% to hit)
The blast of sand hits the orc but does no damage.
The orc is severely wounded.
You constrict the orc.
You kill the orc!
Unknown command.
Unknown command.
You hit the endoplasm but do no damage. Your squeeze misses the endoplasm.
The endoplasm freezes you.
You are frozen.
You die...

### #@# #J# ##
#########o#
..####......#..#
..............#
#....J.o...##
#.<.........#
#.†)o....?......
............$..##...


You could see an orc and an endoplasm.

Vanquished Creatures
  Jessica (D:2)
  An adder (D:3)
  A worm (D:2)
  A dart slug (D:1)
  4 orcs (D:3)
  6 ball pythons
  An endoplasm (D:1)
  3 giant cockroaches
  3 goblins
  2 hobgoblins (D:1)
  2 quokkas (D:1)
  2 bats
  2 frilled lizards
  3 rats (D:1)
  A spectral hobgoblin (D:1)
33 creatures vanquished.

Notes
Turn   | Place    | Note
-------+----------+-------------------------------------------
     0 | D:1      | Atelerd the Octopode Earth Elementalist began the quest for
                  | the Orb.
     0 | D:1      | Reached XP level 1. HP: 11/11 MP: 3/3
    29 | D:1      | Found a faded altar of an unknown god.
   233 | D:1      | Reached XP level 2. HP: 12/17 MP: 1/5
  1174 | D:2      | Reached XP level 3. HP: 21/21 MP: 4/6
  1667 | D:2      | Noticed Jessica
  1670 | D:2      | Killed Jessica
  1671 | D:2      | Reached XP level 4. HP: 17/27 MP: 5/7
  1870 | D:2      | Noticed Sigmund
  1913 | D:3      | Gained mutation: You expend magic power (3 MP) to
                  | strengthen your wands. [potion of mutation]
  1913 | D:3      | Gained mutation: You possess an exceptional clarity of
                  | mind. [potion of mutation]
  1914 | D:3      | HP: 1/27 [orc (2)]
  1918 | D:3      | Frozen to death by an endoplasm

Illustrated notes

Levels and vault maps discovered:
D:1:      scummos_arrival_simple_crosswalls, layout_rooms,
          dreamdust_ecumenical_altar_drowned_temple, st_stairs_11
D:2:      layout_basic, uniq_sigmund, uniq_jessica
D:3:      layout_rooms, grunt_ministairs_3, uniq_grinder

Skill      XL: |  1  2  3 |
---------------+----------+-----
Stealth        | 3 |  3.6
Transmutations | 2 |  2.4
Dodging        | |  2.0
Spellcasting   | |  2.4
Earth Magic    | |  3.7

Action                   |  1- 3 |  4- 6 || total
-------------------------+-------+-------++-------
Melee: Unarmed           |    14 |       ||    14
       Constrict         |     7 |     1 ||     8
       Tentacles         |     2 |     1 ||     3
       Dagger            |       |     7 ||     7
 Cast: Sandblast         |    28 |    11 ||    39
  Use: Potion            |       |     3 ||     3
 Stab: Sleeping          |       |     1 ||     1
Armor: Skin              |       |     1 ||     1
Dodge: Dodged            |    14 |     4 ||    18
